 Dungeon Crawl Stone Soup version 0.21.0-24-g2553a33 (webtiles) character file.

4405 raph the Cleaver (level 10, -7/77 HPs)
             Began as a Minotaur Fighter on Jan 20, 2018.
             Was a Priest of Okawaru.
             Impaled on a porcupine's spines (12 damage)
             ... on level 8 of the Dungeon.
             The game lasted 00:15:12 (9186 turns).

raph the Cleaver (Minotaur Fighter)                 Turns: 9186, Time: 00:15:13

Health: -7/77      AC: 16    Str: 22    XL:     10   Next: 14%
Magic:  11/11      EV:  5    Int:  5    God:    Okawaru [***...]
Gold:   470        SH: 11    Dex: 12    Spells: 9/9 levels left

rFire    . . .     SeeInvis +   a - +1 war axe
rCold    + . .     Gourm    .   c - +0 shield
rNeg     . . .     Faith    .   r - +1 plate armour
rPois    .         Spirit   .   (helmet restricted)
rElec    .         Reflect  .   e - scarf {cloud immunity}
rCorr    .         Harm     .   y - +1 pair of gloves
MR       .....                  (no boots)
Stlth    ..........             (no amulet)
HPRegen  0.22/turn              s - ring of protection from cold
MPRegen  0.12/turn              h - ring of see invisible

@: no status effects
A: retaliatory headbutt, horns 2
a: Heroism, Renounce Religion


You were on level 8 of the Dungeon.
You worshipped Okawaru.
Okawaru was most pleased with you.
You were not hungry.

You visited 1 branch of the dungeon, and saw 9 of its levels.

You collected 470 gold pieces.

Inventory:

Hand Weapons
 a - a +1 war axe (weapon)
 o - a +0 blowgun
Missiles
 l - 135 stones (quivered)
 w - 17 poisoned needles
 x - 15 tomahawks
 H - 6 tomahawks of returning
Armour
 b - a +1 scale mail
 c - a +0 shield (worn)
 e - a scarf of cloud immunity (worn)
 r - a +1 plate armour (worn)
 y - a +1 pair of gloves (worn)
Jewellery
 h - a ring of see invisible (right hand)
 p - a +4 ring of intelligence
 s - a ring of protection from cold (left hand)
 G - an uncursed ring of protection from magic
Wands
 m - a wand of flame (60)
 u - a wand of iceblast (3)
 F - a wand of paralysis (15)
 I - a wand of digging (16)
Scrolls
 g - 2 scrolls of remove curse
 i - 5 scrolls of enchant weapon
 k - 3 scrolls of identify
 n - a scroll of immolation
 q - 8 scrolls of teleportation
 B - a scroll of amnesia
Potions
 d - a potion of lignification
 j - 2 potions of curing
 t - a potion of agility
 v - a potion of invisibility
 z - 3 potions of might
 A - 2 potions of cancellation
 C - a potion of berserk rage {unknown}
 D - a potion of mutation {unknown}
 E - 3 potions of haste {unknown}
Comestibles
 f - 14 rations


   Skills:
 - Level 3.6 Fighting
 * Level 13.6 Axes
 + Level 7.0 Armour
 + Level 8.7 Shields
 - Level 3.3 Invocations


You had 9 spell levels left.
You didn't know any spells.

Dungeon Overview and Level Annotations

Branches:
Dungeon (9/15)             Temple (0/1) D:6
   Lair: D:8-11         Orc: D:9-12

Altars:
Ashenzari
Cheibriados
Elyvilon
Fedhas
Gozag
Hepliaklqana
Kikubaaqudgha
Okawaru
Ru
Sif Muna
Trog
Wu Jian
Yredelemnul
The Shining One

Annotations:
D:9 Joseph


Innate Abilities, Weirdness & Mutations

You reflexively headbutt those who attack you in melee.
You have a pair of horns on your head.


Message History

Joseph shouts, "At last, some action!"
You block the porcupine's attack.
There is a stone staircase leading up here.
You block the porcupine's attack.
You climb upwards.
There is a stone staircase leading down here.
You hit the porcupine but do no damage. Your headbutt misses the porcupine.
The porcupine bites you but does no damage.
You are struck by the porcupine's spines.
* * * LOW HITPOINT WARNING * * *
Your plate armour prevents you from hitting the porcupine.
You headbutt the porcupine.
The porcupine is moderately wounded.
You block the porcupine's attack.
You hit the porcupine. You headbutt the porcupine.
The porcupine is severely wounded.
The porcupine bites you!
* * * LOW HITPOINT WARNING * * *
You are struck by the porcupine's spines.
You die...

..#..........#.....##....##....#.
###..........#.....##....##....#.
.#....########......'.....'....#.
.#....#.....##.....##....##....#.
.#....'.....#####+###....##...>#.
......#........................#.
......#........................#.
###...##########...##....#######.
.##.#......#####@..########....#.
..#.+......#...r...............#.
..#.#......#...................#.
....#......##'#############....#.
..#...............#####..##....#.
..#...............#.......#....#.
.##...............#....)..#....#.
###...............#####'#####'##.
....###'#####....................


You could see a porcupine.

Vanquished Creatures
  A two-headed ogre (D:8)
  An unseen horror (D:8)
  A hippogriff (D:5)
  Eustachio (D:6)
  A porcupine (D:9)
  A black bear (D:6)
  2 orc warriors (D:6)
  4 ogres
  2 sky beasts (D:5)
  2 ice beasts
  A necrophage (D:6)
  A bullfrog (D:6)
  2 scorpions
  A water moccasin skeleton (D:5)
  3 killer bees (D:8)
  5 wights (D:7)
  3 howler monkeys (D:7)
  2 bullfrog zombies
  3 crimson imps
  A centaur skeleton (D:5)
  An orc priest (D:5)
  A hound (D:4)
  Jessica (D:3)
  Ijyb (D:3)
  Natasha (D:3)
  An iguana (D:4)
  8 orc wizards
  7 worker ants
  Terence (D:3)
  4 hound skeletons
  2 howler monkey zombies
  10 adders
  4 shadow imps
  2 oozes
  An adder zombie (D:8)
  An adder skeleton (D:7)
  A worm (D:3)
  A dart slug (D:1)
  4 leopard geckos
  26 orcs
  4 giant cockroaches
  9 goblins
  9 hobgoblins
  2 jackals (D:5)
  9 quokkas
  3 ball pythons
  6 bats
  5 frilled lizards
  8 kobolds
  A quokka skeleton (D:5)
  4 rats
  A fungus (D:9)
177 creatures vanquished.

Notes
Turn   | Place    | Note
-------+----------+-------------------------------------------
     0 | D:1      | raph the Minotaur Fighter began the quest for the Orb.
     0 | D:1      | Reached XP level 1. HP: 19/19 MP: 0/0
   195 | D:1      | Reached XP level 2. HP: 26/26 MP: 1/1
   213 | D:1      | Reached skill level 3 in Axes
   739 | D:2      | Found a shattered altar of Ashenzari.
   915 | D:2      | Reached XP level 3. HP: 29/31 MP: 2/2
   974 | D:2      | Found a white marble altar of Elyvilon.
   990 | D:2      | Found a deep blue altar of Sif Muna.
  1096 | D:2      | Found a sacrificial altar of Ru.
  1492 | D:3      | Noticed Jessica
  1499 | D:3      | Killed Jessica
  1499 | D:3      | Reached skill level 4 in Axes
  1633 | D:3      | Noticed Terence
  1640 | D:3      | Killed Terence
  1640 | D:3      | Reached skill level 5 in Axes
  1640 | D:3      | Reached XP level 4. HP: 33/39 MP: 3/3
  2041 | D:3      | Noticed Natasha
  2045 | D:3      | Killed Natasha
  2045 | D:3      | Reached skill level 6 in Axes
  2045 | D:3      | Reached XP level 5. HP: 45/45 MP: 4/4
  2398 | D:3      | Noticed Ijyb
  2415 | D:3      | Killed Ijyb
  2780 | D:4      | Reached skill level 7 in Axes
  2798 | D:4      | Found an iron altar of Okawaru.
  2873 | D:4      | Found an opulent altar of Gozag.
  3499 | D:4      | Became a worshipper of Warmaster Okawaru
  3540 | D:4      | Reached XP level 6. HP: 51/51 MP: 5/5
  3547 | D:4      | Reached skill level 1 in Invocations
  3628 | D:4      | Reached skill level 8 in Axes
  4162 | D:4      | Reached XP level 7. HP: 57/57 MP: 7/7
  4236 | D:4      | Reached * piety under Okawaru
  4316 | D:4      | Reached skill level 9 in Axes
  5053 | D:5      | Entered Level 5 of the Dungeon
  5356 | D:5      | Found a blossoming altar of Fedhas.
  5450 | D:5      | Noticed a hippogriff
  5459 | D:5      | Killed a hippogriff
  5459 | D:5      | Reached XP level 8. HP: 3/64 MP: 9/9
  5808 | D:5      | Reached skill level 10 in Axes
  5812 | D:5      | Reached skill level 5 in Shields
  6304 | D:5      | Reached skill level 11 in Axes
  6404 | D:6      | Reached ** piety under Okawaru
  6614 | D:6      | Found an ancient bone altar of Kikubaaqudgha.
  6738 | D:6      | Found a staircase to the Ecumenical Temple.
  6799 | D:6      | Found a snail-covered altar of Cheibriados.
  7015 | D:6      | Found a bloodstained altar of Trog.
  7078 | D:6      | Reached XP level 9. HP: 66/70 MP: 10/10
  7100 | D:6      | Found a deep blue altar of Sif Muna.
  7267 | D:6      | Reached skill level 12 in Axes
  7268 | D:6      | Noticed Eustachio
  7281 | D:6      | Killed Eustachio
  7290 | D:6      | Found an ornate altar of the Wu Jian Council.
  7464 | D:7      | Reached skill level 5 in Armour
  7900 | D:7      | Found a glowing golden altar of the Shining One.
  7910 | D:7      | Reached *** piety under Okawaru
  7912 | D:7      | Received a gift from Okawaru
  8061 | D:8      | Found a hazy altar of Hepliaklqana.
  8062 | D:8      | Noticed a two-headed ogre
  8071 | D:8      | Killed a two-headed ogre
  8071 | D:8      | Reached skill level 13 in Axes
  8318 | D:8      | Noticed an unseen horror
  8337 | D:8      | Killed an unseen horror
  8337 | D:8      | Reached XP level 10. HP: 51/77 MP: 11/11
  8867 | D:8      | Found a basalt altar of Yredelemnul.
  9163 | D:9      | Noticed Joseph
  9186 | D:8      | Impaled on a porcupine's spines

Skill      XL: |  1  2  3  4  5  6  7  8  9 10 |
---------------+-------------------------------+-----
Shields        | 4 6 8 |  8.7
Axes           | 3 5 6 7 8 9 11 13 | 13.6
Invocations    | 2 3 |  3.3
Armour         | 4 6 7 |  7.0
Fighting       | |  3.6

Action                   |  1- 3 |  4- 6 |  7- 9 | 10-12 || total
-------------------------+-------+-------+-------+-------++-------
Melee: War axe           |    76 |   118 |   259 |    33 ||   486
       Headbutt          |    16 |    21 |    60 |     8 ||   105
 Fire: Blowgun           |       |    12 |       |       ||    12
Invok: Heroism           |       |       |     3 |     1 ||     4
  Use: Scroll            |       |     8 |     9 |       ||    17
       Potion            |       |       |     1 |       ||     1
  Eat: Chunk             |     2 |     7 |    11 |       ||    20
       Ration            |       |       |     1 |     1 ||     2
Armor: Scale mail        |    19 |    46 |    48 |       ||   113
       Plate armour      |       |       |    59 |    13 ||    72
Dodge: Dodged            |    23 |    36 |    45 |     8 ||   112
Block: Shield            |    36 |    63 |   128 |    26 ||   253
